 Dungeon Crawl Stone Soup version 0.24-a0-280-g7cec4da (webtiles) character file.

Game seed: 10784680322978623919

288554 Firecrotchwizard the Minotaur Blade (level 19, -13/188 HPs)
             Began as a Minotaur Berserker on May 6, 2019.
             Was a High Priest of Trog.
             Mangled by Firecrotchwizard's illusion (17 damage)
             ... woven by Mara
             ... on level 4 of the Vaults on May 7, 2019.
             The game lasted 01:29:37 (41174 turns).

Firecrotchwizard the Minotaur Blade (MiBe)         Turns: 41174, Time: 01:29:38

Health: -13/188    AC: 45    Str: 25    XL:     19   Next: 89%
Magic:  18/18      EV: 20    Int:  5    God:    Trog [*****.]
Gold:   2979       SH:  0    Dex: 20    Spells: 18/18 levels left

rFire    + . .     SeeInvis .   w - +9 triple sword (flame)
rCold    + . .     Gourm    .   (shield currently unavailable)
rNeg     . . .     Faith    .   T - +12 plate armour of Liomesk {rC+ MR+ Str+4}
rPois    +         Spirit   .   I - +2 hat
rElec    .         Reflect  .   a - +2 cloak {rPois}
rCorr    .         Harm     .   p - +2 pair of gloves
MR       +++++                  j - +2 pair of boots
Stlth    ..........             C - amulet of the acrobat
HPRegen  1.41/turn              Q - ring "Lushabbe" {rF+ MR+ AC+2}
MPRegen  0.16/turn              t - ring "Nahot" {Dex+2 Slay+2}

@: regenerating
A: retaliatory headbutt, horns 2
}: 2/15 runes: decaying, gossamer
a: Berserk, Trog's Hand, Brothers in Arms, Renounce Religion


You were on level 4 of the Vaults.
You worshipped Trog.
Trog was extremely pleased with you.
You were hungry.

You visited 6 branches of the dungeon, and saw 34 of its levels.
You visited 1 bazaar.
You also visited: Trove.

You collected 3855 gold pieces.
You spent 876 gold pieces at shops.

Inventory:

Hand Weapons
 b - a +2 demon blade of flaming
   (You acquired it on level 3 of the Lair of Beasts)
 w - a +9 triple sword of flaming (weapon)
   (Trog gifted it to you on level 6 of the Lair of Beasts)
Missiles
 J - 4 silver javelins (quivered)
Armour
 a - a +2 cloak of poison resistance (worn)
   (You found it on level 1 of the Spider Nest)
 j - a +2 pair of boots (worn)
   (You bought it in a shop on level 2 of the Orcish Mines)
 p - a +2 pair of gloves (worn)
   (You found it on level 3 of the Dungeon)
 I - a +2 hat (worn)
   (You acquired it on level 3 of the Lair of Beasts)
 T - the +12 plate armour of Liomesk (worn) {rC+ MR+ Str+4}
   (You found it on level 5 of the Lair of Beasts)

   It affects your strength (+4).
   It protects you from cold.
   It affects your resistance to hostile enchantments.
Jewellery
 q - an uncursed ring of resist corrosion
   (You found it on level 1 of the Swamp)
 r - an uncursed ring of ice {rC+, rF-}
   (You found it on level 3 of the Dungeon)
 t - the ring "Nahot" (right hand) {Dex+2 Slay+2}
   (You found it in a treasure trove)

   [ring of slaying]

   It affects your dexterity (+2).
   It affects your accuracy and damage with ranged weapons and melee attacks
   (+2).
 A - the ring "Gosiuw" {+Inv Slay+5}
   (You found it in a treasure trove)

   [ring of slaying]

   It affects your accuracy and damage with ranged weapons and melee attacks
   (+5).
   It lets you turn invisible.
 C - an amulet of the acrobat (around neck)
   (You found it in a treasure trove)
 K - an uncursed ring of poison resistance {rPois, !d}
   (You found it on level 9 of the Dungeon)
 N - an uncursed ring of flight {+Fly, !d}
   (You took it off a wight on level 9 of the Dungeon)
 Q - the ring "Lushabbe" (left hand) {rF+ MR+ AC+2}
   (You found it in a treasure trove)

   [ring of protection]

   It affects your AC (+2).
   It protects you from fire.
   It affects your resistance to hostile enchantments.
 R - an uncursed ring of protection from fire {rF+, !d}
   (You found it on level 9 of the Dungeon)
 Z - an uncursed ring of see invisible {sInv, !d}
   (You found it on level 12 of the Dungeon)
Wands
 F - a wand of scattershot (1)
   (You found it on level 2 of the Lair of Beasts)
 G - a wand of digging (4)
   (You found it on level 7 of the Dungeon)
 W - a wand of clouds (1)
   (You found it on level 10 of the Dungeon)
 X - a wand of acid (21)
   (You found it on level 8 of the Dungeon)
 Y - a wand of iceblast (30)
   (You found it on level 2 of the Lair of Beasts)
Scrolls
 d - 7 scrolls of identify
 e - 7 scrolls of enchant weapon
 h - 5 scrolls of fog
 k - 13 scrolls of teleportation
 l - 5 scrolls of immolation {!r}
 m - 20 scrolls of remove curse
 o - 3 scrolls of magic mapping {!r}
 v - a scroll of summoning
 D - 2 scrolls of brand weapon
 H - 3 scrolls of vulnerability {!r!r}
 S - a scroll of blinking {!r}
 V - 3 scrolls of fear
Potions
 f - 7 potions of agility
 g - a potion of magic
 i - 8 potions of might
 n - 7 potions of curing
 s - 4 potions of heal wounds
 u - 6 potions of flight
 x - a potion of cancellation
 y - 6 potions of resistance
 z - 5 potions of mutation {!q}
 U - 3 potions of invisibility
Miscellaneous
 E - a lightning rod (4/4)
   (You found it on level 2 of the Swamp)
 L - a phantom mirror
 M - a lamp of fire
   (You found it on level 2 of the Lair of Beasts)
 O - a phial of floods
   (You found it on level 9 of the Dungeon)
 P - a sack of spiders
Comestibles
 c - 49 rations
 B - 26 chunks of flesh {@w0}


   Skills:
 + Level 20.9 Fighting
 + Level 23.6 Long Blades
 + Level 18.6 Armour
 + Level 17.3 Dodging


You had 18 spell levels left.
You didn't know any spells.
Your spell library was empty.

Dungeon Overview and Level Annotations

Branches:
Dungeon (14/15)            Temple (0/1) D:6            Lair (6/6) D:11
  Swamp (4/4) Lair:3       Spider (4/4) Lair:3        Slime (0/5) Lair:5
    Orc (2/2) D:10            Elf (0/3) Orc:2        Vaults (4/5) D:14
  Crypt (0/3) Vaults:2

Altars:
Cheibriados
Elyvilon
Fedhas
Hepliaklqana
Kikubaaqudgha
Nemelex Xobeh
Ru
Sif Muna
Trog
Vehumet
Wu Jian
Xom
Yredelemnul
Zin
Jiyva

Shops:
D:14 *   Orc:1 }   Orc:2 *[[(   Vaults:1 [

Annotations:
D:9 1 runed translucent door
D:10 1 runed translucent door
D:11 2 transporters, robertstho's ghost, novice GnFE
Lair:5 2 transporters, Axe's ghost, journeyman VSWn
Lair:6 1 runed translucent door
Orc:1 3 runed translucent doors, Xoabain's ghost, journeyman DsFE
Vaults:4 Mara


Innate Abilities, Weirdness & Mutations

You reflexively headbutt those who attack you in melee.
You have a pair of horns on your head.


Message History

Firecrotchwizard's illusion burns you.
You take 14 damage, and have 123/188 hp.
You closely miss Mara.
Mara blinks!
Firecrotchwizard's illusion closely misses you.
You furiously retaliate!
You headbutt Firecrotchwizard's illusion, but do no damage.
Mara misses you. You furiously retaliate!
You headbutt Mara, but do no damage.
You riposte.
Your plate armour of Liomesk prevents you from hitting Mara.
Your headbutt misses Mara. Mara completely misses you. You furiously retaliate!
You headbutt Mara. Firecrotchwizard's illusion hits you!
There is an open door here.
You take 9 damage, and have 114/188 hp.
You cut Mara into ribbons!!! You burn Mara. Mara barely misses you.
You furiously retaliate!
You headbutt Mara!
You riposte.
You barely miss Mara. Your headbutt misses Mara. Mara closely misses you.
You furiously retaliate!
You headbutt Mara! You slice Mara!! Your headbutt misses Mara.
Firecrotchwizard's illusion hits you! Firecrotchwizard's illusion burns you.
Mara hits you but does no damage. x2
You take 12 damage, and have 103/188 hp.
You barely miss Mara. You headbutt Mara.
Firecrotchwizard's illusion completely misses you.
You furiously retaliate!
You headbutt Firecrotchwizard's illusion, but do no damage.
You riposte.
You hit Firecrotchwizard's illusion. You burn Firecrotchwizard's illusion.
Mara misses you.
You slash Mara! Mara hits you but does no damage.
Firecrotchwizard's illusion completely misses you.
You furiously retaliate!
You headbutt Firecrotchwizard's illusion, but do no damage.
You slash Mara! Mara misses you.
You riposte.
You barely miss Mara. You headbutt Mara, but do no damage.
Mara says, "I stand as high above you as a star above the ocean's bottom."
Mara gestures at you. You resist with almost no effort.
You slice Mara like a ripe choko!!! You burn Mara.
Firecrotchwizard's illusion hits you!! Firecrotchwizard's illusion burns you.
Mara gestures at you. The bolt of fire hits you. You resist.
Mara hits you but does no damage.
You are electrocuted!!
* * * LOW HITPOINT WARNING * * *
You take 52 damage, and have 52/188 hp.
MASSIVE DAMAGE!!
You slice Mara!! You burn Mara. Mara hits you but does no damage.
Firecrotchwizard's illusion hits you!
* * * LOW HITPOINT WARNING * * *
You take 7 damage, and have 45/188 hp.
You hit Mara. Your headbutt misses Mara.
Mara hits you with a +0 demon whip of electrocution.
* * * LOW HITPOINT WARNING * * *
Mara hits you but does no damage.
You are electrocuted!
* * * LOW HITPOINT WARNING * * *
Mara blinks!
You take 12 damage, and have 33/188 hp.
Your skin crawls.
You feel resistant to hostile enchantments.
You are feeling hungry.
Firecrotchwizard's illusion hits you!
* * * LOW HITPOINT WARNING * * *
Firecrotchwizard's illusion burns you.
* * * LOW HITPOINT WARNING * * *
Mara completely misses you.
You riposte.
You open Mara like a pillowcase!!! You headbutt Mara, but do no damage.
Mara hits you but does no damage. Mara completely misses you.
You riposte.
You slice Mara like a ripe choko!!! You burn Mara.
You headbutt Mara, but do no damage.
You take 19 damage, and have 14/188 hp.
Unknown command.
You feel much better.
Firecrotchwizard's illusion hits you but does no damage.
Mara hits you with a +0 demon whip of electrocution!
* * * LOW HITPOINT WARNING * * *
You are electrocuted!
* * * LOW HITPOINT WARNING * * *
Mara hits you with a +0 demon whip of electrocution!
* * * LOW HITPOINT WARNING * * *
Mara blinks!
You take 1 damage, and have 13/188 hp.
Firecrotchwizard's illusion completely misses you.
Mara closely misses you.
You riposte.
You miss Mara. Mara completely misses you.
Okay, then.
You feel much better.
Firecrotchwizard's illusion hits you but does no damage.
Mara blinks!
Mara hits you but does no damage.
You are electrocuted!
* * * LOW HITPOINT WARNING * * *
Firecrotchwizard's illusion hits you!
* * * LOW HITPOINT WARNING * * *
Firecrotchwizard's illusion burns you.
* * * LOW HITPOINT WARNING * * *
You take 13 damage, and have 1/188 hp.
Unknown command.
Mara blinks!
Your deep troll goes berserk!
You feel somewhat more hungry.
You hear the ear-piercing whistling of a wind nearby.
Firecrotchwizard's illusion hits you!
You die...

,,,,,,,,#.........##......#......
,,,,,,,,#.≈.....≈.##......#....#†
,,,,,,,,#..R......##......#...#.#
,,,,,,,,#..≈..R≈..##......#....#.
********#...§≈R...##......#......
#.........##......#......
*******#######'##############'###
,,,,,,,..........................
,,,,,,,........@@......÷)........
......,..................)...)...
......,.......T..................
...^..,..........................
....#**##########################
....# *********** ....#
***,,,,,,,,,*** ....#
*,,,,,,,,,,,,,*
....#******,,,,*****,,,,*########


You could see Mara, Firecrotchwizard's illusion and a friendly deep troll
(berserk).

Vanquished Creatures
  Arachne (Spider:4)
  Rupert (Lair:4)
  Asterion (Vaults:1)
  Agnes (Spider:1)
  Frances (D:13)
  5 thorn hunters
  A tengu reaver (Vaults:4)
  Kirke (Swamp:2)
  Donald (Swamp:1)
  A deep elf sorcerer (Vaults:1)
  A fire giant (Vaults:3)
  3 ghost moths (Spider:4)
  4 vault wardens
  3 emperor scorpions (Spider:4)
  Louise (Spider:2)
  4 stone giants
  A war gargoyle (D:13)
  7 ironheart preservers
  An entropy weaver (Vaults:2)
  A deep elf demonologist (Vaults:2)
  A deep elf annihilator (Vaults:2)
  4 spark wasps
  Snorg (D:10)
  A fire dragon (shapeshifter) (Vaults:3)
  2 ettins
  A deep elf death mage (Vaults:2)
  5 fire dragons
  8 yaktaur captains
  3 great orbs of eyes
  A rakshasa (Vaults:2)
  2 vault guards
  19 hydras
  A ghost crab (Swamp:1)
  A catoblepas (Lair:6)
  4 shambling mangroves
  6 centaur warriors
  22 two-headed ogres
  8 alligators
  4 death yaks (Lair:3)
  A deep troll earth mage (Vaults:1)
  A dancing weapon (Vaults:3)
  A deep troll shaman (Vaults:1)
  9 ogre magi
  3 orc high priests (Orc:2)
  A soul eater (Vaults:2)
  Urug (Lair:2)
  4 deep elf knights
  Sonja (D:13)
  4 skeletal warriors (D:12)
  2 fire crabs (Swamp:4)
  A sea snake (shapeshifter) (Vaults:3)
  A shadow wraith (Vaults:4)
  8 deep trolls
  8 swamp dragons
  2 unseen horrors
  A glowing orange brain (Vaults:3)
  2 spriggan druids
  3 wizards
  Pikel (D:5)
  6 deep elf archers
  6 ironbrand convokers
  12 deep elf magi
  17 orb spiders
  A mana viper (D:10)
  2 necromancers
  31 wolf spiders
  9 harpies
  2 lindwurms
  11 orc knights
  A frost giant zombie (Vaults:4)
  A manticore (D:13)
  30 ugly things
  3 oklob plants
  4 orc sorcerers
  7 cyclopes
  2 moths of wrath (Spider:2)
  6 elephants (Lair:3)
  A black mamba (shapeshifter) (Vaults:2)
  A frost giant skeleton (Vaults:4)
  Joseph (Lair:1)
  9 vault sentinels
  7 torpor snails
  9 gargoyles (D:13)
  3 black mambas
  19 spiny frogs
  A yaktaur zombie (Vaults:4)
  A rime drake (shapeshifter) (Vaults:4)
  10 rime drakes
  32 yaktaurs
  9 komodo dragons
  3 freezing wraiths
  8 demonic crawlers
  2 komodo dragons (shapeshifter)
  46 jumping spiders
  A jumping spider (shapeshifter) (Vaults:4)
  7 tyrant leeches
  3 meliai (Spider:3)
  8 trolls
  10 polar bears
  28 hornets
  Prince Ribbit (D:5)
  Grinder (D:6)
  7 slime creatures
  5 bog bodies
  3 raiju (Lair:6)
  A dream sheep (Lair:6)
  14 hippogriffs
  An ettin zombie (Vaults:1)
  5 spriggans (Swamp:3)
  Sigmund (D:6)
  4 shadows
  A vampire (D:11)
  90 redbacks
  34 tarantellas
  2 wraiths
  3 hogs
  3 basilisks
  A human (D:12)
  33 yaks
  Grum (D:8)
  11 steam dragons (Lair:2)
  A hungry ghost (D:11)
  9 vampire mosquitoes
  2 basilisks (shapeshifter) (Vaults:1)
  14 wargs
  A yaktaur simulacrum (Vaults:3)
  Menkaure (D:6)
  A soldier ant (D:13)
  15 swamp worms
  6 insubstantial wisps (Swamp:2)
  14 hell hounds (Lair:6)
  5 acid dragons
  13 water moccasins
  19 orc warriors
  14 porcupines
  15 swamp drakes
  11 black bears (Lair:6)
  A slave (D:5)
  7 sky beasts
  A necrophage (D:6)
  22 ogres
  2 eyes of draining
  2 ice beasts
  5 phantoms
  2 human skeletons
  17 wolves
  The ghost of MDMotsinger the Firebug, an amateur DrFE of Zin (D:3)
  7 boggarts
  12 crocodiles
  8 centaurs
  Blork the orc (D:5)
  2 big kobolds
  16 bullfrogs
  2 wyvern zombies
  A water moccasin zombie (D:5)
  7 scorpions
  9 killer bees (D:11)
  18 wights
  2 electric eels
  A lava snake (Swamp:4)
  6 crimson imps
  2 howler monkeys
  2 centaur zombies
  2 bullfrog zombies (D:3)
  5 jellies
  2 quasits
  A gnoll shaman (D:5)
  3 human simulacra
  3 bullfrog skeletons
  9 hounds
  14 orc priests
  15 orc wizards
  7 centaur skeletons
  2 iguanas
  Natasha (thrice) (D:2)
  13 worker ants
  2 hound zombies
  A hound skeleton (D:6)
  7 adders
  6 gnolls (D:5)
  8 shadow imps
  3 oozes
  An adder zombie (D:10)
  2 adder skeletons
  3 worms
  4 dart slugs
  A leopard gecko (D:4)
  50 orcs
  2 ball pythons
  7 giant cockroaches
  9 goblins
  8 hobgoblins
  13 jackals
  3 quokkas
  6 bats
  7 frilled lizards
  12 kobolds
  A leopard gecko zombie (D:7)
  14 rats
  A spectral orc (D:5)
  3 briar patches
  3 fungi
1334 creatures vanquished.

Vanquished Creatures (collateral kills)
  A deep elf sorcerer (Vaults:2)
  An ironheart preserver (Vaults:1)
  Nessos (Lair:4)
  A swamp dragon (Swamp:1)
  2 deep trolls (Vaults:1)
  A necromancer (Vaults:1)
  An ugly thing (D:9)
  A human zombie (Vaults:1)
  A jumping spider (Spider:1)
  A human skeleton (Vaults:1)
  A tyrant leech (Swamp:1)
  A shadow (Swamp:1)
  3 redbacks (Spider:1)
  A vampire mosquito (Swamp:1)
  An acid dragon (Vaults:1)
  A hornet simulacrum (Vaults:1)
  A wight (D:9)
  A leopard gecko (D:9)
21 creatures vanquished.

Vanquished Creatures (others)
  Nikola (Spider:1)
  A deep elf death mage (Vaults:2)
  An alligator (Swamp:1)
  2 swamp dragons (Swamp:4)
  Maurice (D:10)
  2 tyrant leeches (Swamp:1)
  2 humans (Swamp:2)
  3 steam dragons (Swamp:4)
  5 swamp drakes (Swamp:4)
  A centaur (D:5)
  An orc wizard (Orc:2)
  2 gnolls (D:5)
  2 briar patches
  18 fungi
  26 plants
68 creatures vanquished.

Grand Total: 1423 creatures vanquished

Notes
Turn   | Place    | Note
-------+----------+-------------------------------------------
     0 | D:1      | Firecrotchwizard the Minotaur Berserker began the quest for
                  | the Orb.
     0 | D:1      | Reached XP level 1. HP: 19/19 MP: 0/0
    31 | D:1      | Reached XP level 2. HP: 13/27 MP: 1/1
   207 | D:1      | Reached skill level 4 in Long Blades
   218 | D:1      | You fall through a shaft!
   218 | D:2      | Found a white marble altar of Elyvilon.
   805 | D:1      | Reached ** piety under Trog
   823 | D:1      | Reached XP level 3. HP: 33/33 MP: 2/2
   951 | D:1      | Reached skill level 4 in Fighting
  1268 | D:2      | Reached skill level 3 in Armour
  1338 | D:2      | Noticed Natasha
  1346 | D:2      | Killed Natasha
  1346 | D:2      | Reached XP level 4. HP: 31/40 MP: 3/3
  1608 | D:2      | Noticed Natasha
  1620 | D:2      | Killed Natasha
  1620 | D:2      | Reached skill level 3 in Dodging
  1801 | D:2      | Found a hazy altar of Hepliaklqana.
  1820 | D:2      | Noticed Natasha
  1823 | D:2      | Killed Natasha
  1823 | D:2      | Reached skill level 5 in Long Blades
  2091 | D:3      | Reached XP level 5. HP: 47/47 MP: 4/4
  2678 | D:3      | Found a glowing silver altar of Zin.
  2741 | D:3      | Found a runed translucent gate.
  2741 | D:3      | Found a runed translucent gate.
  2742 | D:3      | Found a runed translucent gate.
  2753 | D:3      | Noticed MDMotsinger's ghost (amateur DrFE)
  2809 | D:3      | Killed MDMotsinger's ghost
  2809 | D:3      | Reached skill level 4 in Armour
  2809 | D:3      | Reached XP level 6. HP: 42/55 MP: 5/5
  2811 | D:3      | Reached skill level 6 in Long Blades
  2814 | D:3      | Reached skill level 5 in Fighting
  3325 | D:4      | Reached skill level 4 in Dodging
  3618 | D:4      | Reached XP level 7. HP: 41/61 MP: 6/6
  3765 | D:4      | Found an ancient bone altar of Kikubaaqudgha.
  3813 | D:4      | Reached skill level 7 in Long Blades
  4039 | D:4      | Found a radiant altar of Vehumet.
  4092 | D:4      | Reached skill level 5 in Armour
  4102 | D:4      | Reached *** piety under Trog
  4130 | D:4      | HP: 15/62 [poisoned by a worker ant]
  4136 | D:4      | HP: 14/62 [poisoned by a worker ant]
  4144 | D:4      | HP: 14/62 [poisoned by a worker ant]
  4518 | D:5      | Entered Level 5 of the Dungeon
  4564 | D:5      | Noticed Blork the orc
  4572 | D:5      | Killed Blork the orc
  4586 | D:5      | Noticed Prince Ribbit
  4604 | D:5      | Killed Prince Ribbit
  4604 | D:5      | Reached skill level 6 in Fighting
  4604 | D:5      | Reached skill level 8 in Long Blades
  4604 | D:5      | Reached XP level 8. HP: 28/70 MP: 7/7
  4814 | D:5      | Reached skill level 5 in Dodging
  4919 | D:5      | Found a basalt altar of Yredelemnul.
  4945 | D:5      | Noticed Pikel
  4995 | D:5      | Killed Pikel
  4995 | D:5      | Reached skill level 9 in Long Blades
  4995 | D:5      | Reached skill level 6 in Armour
  5132 | D:5      | Received a gift from Trog
  5365 | D:6      | Noticed Menkaure
  5378 | D:6      | Killed Menkaure
  5378 | D:6      | Reached skill level 7 in Fighting
  5389 | D:6      | Reached skill level 6 in Dodging
  5563 | D:6      | Reached XP level 9. HP: 79/79 MP: 8/8
  5613 | D:6      | Noticed Grinder
  5619 | D:6      | Killed Grinder
  5619 | D:6      | Reached skill level 10 in Long Blades
  5619 | D:6      | Reached skill level 7 in Armour
  5847 | D:6      | Noticed Sigmund
  5858 | D:6      | Killed Sigmund
  6128 | D:6      | Found a staircase to the Ecumenical Temple.
  6543 | D:7      | Got a slimy robe
  6583 | D:7      | Reached skill level 8 in Fighting
  6659 | D:7      | Reached **** piety under Trog
  6698 | D:7      | Reached skill level 11 in Long Blades
  6698 | D:7      | Reached skill level 7 in Dodging
  6726 | D:7      | Found a deep blue altar of Sif Muna.
  6965 | D:7      | Reached skill level 8 in Armour
  7041 | D:7      | Found a shimmering altar of Xom.
  7138 | D:8      | Noticed Grum
  7150 | D:8      | Reached XP level 10. HP: 88/88 MP: 9/9
  7157 | D:8      | Killed Grum
  7244 | D:8      | Found a snail-covered altar of Cheibriados.
  7719 | D:8      | Got a heavily runed plate armour
  7754 | D:8      | Identified the +1 plate armour of the Catfish {*Slow rC++
                  | Str+4 Stlth+} (You found it on level 8 of the Dungeon)
  7764 | D:8      | Found an ornate altar of the Wu Jian Council.
  8172 | D:9      | Reached skill level 9 in Fighting
  8172 | D:9      | Reached skill level 12 in Long Blades
  8490 | D:9      | Found a blossoming altar of Fedhas.
  8711 | D:9      | Found a blossoming altar of Fedhas.
  8731 | D:9      | Noticed a skeletal warrior
  8735 | D:9      | Found a runed translucent door.
  8808 | D:9      | Found a runed translucent door.
  8808 | D:9      | Found a runed translucent door.
  8808 | D:9      | Noticed a red ugly thing
  9061 | D:9      | Killed a red ugly thing
  9089 | D:9      | Reached skill level 13 in Long Blades
  9246 | D:9      | Noticed an ogre mage
  9256 | D:9      | Killed an unseen horror
  9256 | D:9      | Reached skill level 10 in Fighting
  9262 | D:9      | Killed an ogre mage
  9270 | D:9      | Reached XP level 11. HP: 71/99 MP: 6/10
  9288 | D:9      | Got a bloodstained leather armour
  9304 | D:9      | Identified the +0 leather armour of Egalitarianism {rPois}
                  | (You found it on level 9 of the Dungeon)
  9446 | D:10     | Entered Level 10 of the Dungeon
  9474 | D:10     | Noticed Snorg
  9487 | D:10     | Killed Snorg
  9487 | D:10     | Reached ***** piety under Trog
  9487 | D:10     | Reached skill level 14 in Long Blades
  9898 | D:10     | Found a runed translucent door.
  9898 | D:10     | Noticed a sixfirhy
  9944 | D:10     | Received a gift from Trog
 10000 | D:10     | Found a staircase to the Orcish Mines.
 10027 | D:10     | Reached skill level 11 in Fighting
 10347 | D:10     | Noticed a two-headed ogre
 10348 | D:10     | Noticed a mana viper
 10348 | D:10     | a two-headed ogre changed into a mana viper
 10357 | D:10     | Killed a mana viper
 10842 | D:10     | Noticed Maurice
 10854 | D:10     | Killed Maurice
 11146 | D:11     | Noticed a purple ugly thing
 11155 | D:11     | Killed a purple ugly thing
 11155 | D:11     | Reached skill level 15 in Long Blades
 11213 | D:11     | Got a heavily runed buckler
 11264 | D:11     | Found a transporter.
 11267 | D:11     | Noticed robertstho's ghost (novice GnFE)
 11411 | D:11     | Found a staircase to the Lair.
 11473 | D:11     | HP: 25/102 [something (2)]
 11974 | D:11     | Found a transporter.
 12353 | Lair:1   | Entered Level 1 of the Lair of Beasts
 12500 | Lair:1   | Reached skill level 12 in Fighting
 12744 | Lair:1   | Reached skill level 16 in Long Blades
 12903 | Lair:1   | Noticed Joseph
 12930 | Lair:1   | Killed Joseph
 13108 | Lair:1   | Reached XP level 12. HP: 107/110 MP: 11/11
 13937 | Lair:2   | Noticed Urug
 13948 | Lair:2   | Killed Urug
 14282 | Lair:2   | Received a gift from Trog
 14291 | Lair:2   | HP: 20/111 [steam dragon/ball of steam (19)]
 14296 | Lair:2   | HP: 23/113 [steam dragon/ball of steam (2)]
 14298 | Lair:2   | HP: 9/113 [rime drake/flash freeze (16)]
 14303 | Lair:2   | HP: 16/113 [rime drake/flash freeze (11)]
 14628 | Lair:2   | Noticed a five-headed hydra
 14642 | Lair:2   | Killed a 12-headed hydra
 14642 | Lair:2   | Reached skill level 17 in Long Blades
 14957 | Lair:2   | Reached skill level 13 in Fighting
 15366 | Lair:2   | Noticed a four-headed hydra
 15373 | Lair:2   | Killed a four-headed hydra
 15884 | Lair:3   | Reached skill level 18 in Long Blades
 16464 | Lair:3   | Reached XP level 13. HP: 106/123 MP: 9/12
 16465 | Lair:3   | Identified 2 scrolls of acquirement
 16664 | Lair:3   | Reached skill level 14 in Fighting
 16665 | Lair:3   | HP: 26/124 [death yak (15)]
 16670 | Lair:3   | Reached skill level 8 in Dodging
 17015 | Lair:3   | You fall through a shaft for 2 floors!
 17022 | Lair:5   | Found a viscous altar of Jiyva.
 17022 | Lair:5   | Found a staircase to the Slime Pits.
 17028 | Lair:5   | Reached skill level 9 in Armour
 17122 | Lair:5   | Received a gift from Trog
 17126 | Lair:5   | Got an ivory triple sword {god gift}
 17127 | Lair:5   | Identified the +13 triple sword of the Doomed Warrior
                  | {protect, rN+} (Trog gifted it to you on level 5 of the
                  | Lair of Beasts)
 17261 | Lair:5   | Got a heavily runed plate armour
 17272 | Lair:5   | Identified the +12 plate armour of Liomesk {rC+ MR+ Str+4}
                  | (You found it on level 5 of the Lair of Beasts)
 17296 | Lair:5   | Found a sparkling altar of Nemelex Xobeh.
 17402 | Lair:5   | Found a transporter.
 17411 | Lair:5   | Found a bloodstained altar of Trog.
 17411 | Lair:5   | Noticed Axe's ghost (journeyman VSWn)
 17487 | Lair:5   | Identified the +3 trident of Gobeed {protect, Str+2}
 17498 | Lair:5   | Found a transporter.
 17709 | Lair:4   | Noticed Rupert
 17726 | Lair:4   | Killed Rupert
 17726 | Lair:4   | Reached skill level 9 in Dodging
 17805 | Lair:4   | Noticed Nessos
 17820 | Lair:4   | Killed Nessos
 18057 | Lair:4   | Found a sacrificial altar of Ru.
 18074 | Lair:4   | Reached skill level 10 in Armour
 18344 | Lair:4   | Reached skill level 19 in Long Blades
 18707 | Lair:3   | Found a hole to the Spider Nest.
 18747 | Lair:3   | Identified the Almanac of Lightness and Intoxication
 18834 | Lair:3   | Found a staircase to the Swamp.
 19119 | Lair:6   | Entered Level 6 of the Lair of Beasts
 19479 | Lair:6   | Reached skill level 15 in Fighting
 19500 | Lair:6   | Reached XP level 14. HP: 135/135 MP: 13/13
 19648 | Lair:6   | Received a gift from Trog
 19900 | Lair:6   | Reached skill level 10 in Dodging
 19973 | Lair:6   | Reached skill level 11 in Armour
 19993 | Lair:6   | Reached ****** piety under Trog
 20359 | Lair:6   | Found a runed translucent door.
 21977 | D:12     | Reached skill level 11 in Dodging
 21979 | D:12     | Received a gift from Trog
 21986 | D:12     | Got a smoking lajatang {god gift}
 22268 | D:13     | Noticed Frances
 22288 | D:13     | Killed Frances
 22288 | D:13     | Reached skill level 12 in Armour
 22513 | D:13     | Noticed Sonja
 22519 | D:13     | Killed Sonja
 22843 | D:13     | Reached skill level 16 in Fighting
 23329 | D:13     | Noticed a war gargoyle
 23334 | D:13     | Killed a war gargoyle
 23712 | D:14     | Reached XP level 15. HP: 144/144 MP: 14/14
 23716 | D:14     | Reached skill level 20 in Long Blades
 23993 | D:14     | Found Yhe Qott's General Store.
 24001 | D:14     | Bought a scroll of blinking for 135 gold pieces
 24361 | D:14     | Received a gift from Trog
 24431 | D:14     | Found a gate to the Vaults.
 24551 | Orc:1    | Entered Level 1 of the Orcish Mines
 24797 | Orc:2    | Entered Level 2 of the Orcish Mines
 24887 | Orc:2    | Reached skill level 12 in Dodging
 24890 | Orc:2    | Found Fimith's Antique Armour Boutique.
 24890 | Orc:2    | Found Reaxt's Weapon Emporium.
 24892 | Orc:2    | Found Ciefar's Assorted Antiques.
 24892 | Orc:2    | Found Ileptusch's Antique Armour Emporium.
 24898 | Orc:2    | Bought a pair of boots for 126 gold pieces
 24912 | Orc:2    | Bought a pair of embroidered boots for 165 gold pieces
 24925 | Orc:2    | Bought a pair of runed boots for 165 gold pieces
 25002 | Orc:2    | Found a staircase to the Elven Halls.
 25123 | Orc:2    | Received a gift from Trog
 25368 | Orc:1    | Reached skill level 13 in Armour
 25388 | Orc:1    | Found a runed translucent gate.
 25396 | Orc:1    | Found a runed translucent gate.
 25397 | Orc:1    | Found a runed translucent gate.
 25466 | Orc:1    | Found Wikeataf's Gadget Boutique.
 25482 | Orc:1    | Noticed Xoabain's ghost (journeyman DsFE)
 25986 | Swamp:1  | Entered Level 1 of the Swamp
 26186 | Swamp:1  | Noticed Donald
 26205 | Swamp:1  | Killed Donald
 26227 | Swamp:1  | Noticed a thorn hunter
 26242 | Swamp:1  | Killed a thorn hunter
 27185 | Swamp:2  | Noticed Kirke
 27200 | Swamp:2  | Noticed a thorn hunter
 27201 | Swamp:2  | Killed Kirke
 27201 | Swamp:2  | Reached skill level 17 in Fighting
 27203 | Swamp:2  | Received a gift from Trog
 27204 | Swamp:2  | Noticed a thorn hunter
 27209 | Swamp:2  | Killed a thorn hunter
 27213 | Swamp:2  | Killed a thorn hunter
 27622 | Swamp:2  | Reached XP level 16. HP: 154/155 MP: 15/15
 27740 | Swamp:2  | Noticed a thorn hunter
 28202 | Swamp:2  | Killed a thorn hunter
 28202 | Swamp:2  | Reached skill level 14 in Armour
 28202 | Swamp:2  | Reached skill level 13 in Dodging
 28909 | Swamp:3  | Noticed a thorn hunter
 28917 | Swamp:3  | Killed a thorn hunter
 28917 | Swamp:3  | Received a gift from Trog
 28917 | Swamp:3  | Reached skill level 21 in Long Blades
 29273 | Swamp:4  | Entered Level 4 of the Swamp
 30140 | Swamp:4  | Got a decaying rune of Zot
 30472 | Spider:1 | Entered Level 1 of the Spider Nest
 30533 | Spider:1 | Reached skill level 18 in Fighting
 30574 | Spider:1 | Received a gift from Trog
 30600 | Spider:1 | Reached skill level 15 in Armour
 30688 | Spider:1 | Noticed Nikola
 30720 | Spider:1 | Killed Nikola
 30720 | Spider:1 | Reached skill level 14 in Dodging
 30899 | Spider:1 | Noticed Agnes
 30908 | Spider:1 | Killed Agnes
 31377 | Spider:2 | Noticed Louise
 31396 | Spider:2 | Killed Louise
 31396 | Spider:2 | Reached XP level 17. HP: 120/165 MP: 16/16
 31517 | Spider:2 | Received a gift from Trog
 32419 | Spider:2 | Received a gift from Trog
 32444 | Spider:3 | Received a gift from Trog
 33516 | Spider:4 | Entered Level 4 of the Spider Nest
 33621 | Spider:4 | Reached skill level 16 in Armour
 33623 | Spider:4 | Noticed Arachne
 33633 | Spider:4 | Killed Arachne
 33640 | Spider:4 | Reached skill level 22 in Long Blades
 33662 | Spider:4 | Received a gift from Trog
 33752 | Spider:4 | Reached skill level 15 in Dodging
 33758 | Spider:4 | Reached skill level 19 in Fighting
 33868 | Spider:4 | HP: 29/168 [spark wasp (18)]
 33868 | Spider:4 | HP: 12/168 [spark wasp (17)]
 33883 | Spider:4 | HP: 24/168 [wolf spider (7)]
 34421 | Spider:4 | Received a gift from Trog
 34455 | Spider:4 | Got a gossamer rune of Zot
 35038 | Spider:4 | Reached XP level 18. HP: 158/176 MP: 17/17
 35539 | Vaults:1 | Entered Level 1 of the Vaults
 35802 | Vaults:1 | Noticed Asterion
 35812 | Vaults:1 | Killed Asterion
 35825 | Vaults:1 | Received a gift from Trog
 35927 | Vaults:1 | Got a dazzling chain mail
 35928 | Vaults:1 | Identified the +5 chain mail "Vonupol" {rN++ Str+2 Stlth+}
                  | (You found it on level 1 of the Vaults)
 36430 | Vaults:1 | Reached skill level 17 in Armour
 36696 | Vaults:1 | Found Tecas's Armour Boutique.
 36707 | Vaults:1 | Reached skill level 16 in Dodging
 36767 | Vaults:1 | Received a gift from Trog
 37651 | Vaults:2 | Found a portal to a secret trove of treasure.
 37661 | Vaults:2 | You paid a toll of 6 scrolls of blinking to enter a
                  | treasure trove
 37662 | Trove    | Entered a treasure trove
 37667 | Trove    | Found the amulet of the Four Winds {rN+ MR+++ Clar}
 37672 | Trove    | Identified the ring "Lushabbe" {rF+ MR+ AC+2} (You found it
                  | in a treasure trove)
 37679 | Trove    | Identified the amulet "Hucyefico" {Spirit Str+4 Int+7} (You
                  | found it in a treasure trove)
 37681 | Trove    | Identified the ring "Nahot" {Dex+2 Slay+2} (You found it in
                  | a treasure trove)
 37692 | Trove    | Got a transparent brass amulet
 37693 | Trove    | Identified the amulet "Vaomasor" {RegenMP -Tele rF+++ MP+9
                  | Int-2} (You found it in a treasure trove)
 37701 | Trove    | Got a coiled golden amulet
 37702 | Trove    | Identified the amulet of Midwinter {RegenMP rPois Str+4}
                  | (You found it in a treasure trove)
 37704 | Trove    | Identified the ring of Giz Ajul {Str+2 Int+3 Dex+3} (You
                  | found it in a treasure trove)
 37706 | Trove    | Identified the ring "Gosiuw" {+Inv Slay+5} (You found it in
                  | a treasure trove)
 37949 | Vaults:2 | Reached skill level 20 in Fighting
 38183 | Vaults:2 | Found a staircase to the Crypt.
 38481 | Vaults:2 | Received a gift from Trog
 38490 | Vaults:2 | Reached XP level 19. HP: 171/185 MP: 18/18
 38495 | Vaults:2 | Reached skill level 23 in Long Blades
 38624 | Vaults:2 | HP: 44/185 [two-headed ogre/+0 giant club (6)]
 39237 | Vaults:3 | Reached skill level 18 in Armour
 39320 | Vaults:3 | Received a gift from Trog
 40064 | Vaults:3 | Reached skill level 17 in Dodging
 40075 | Vaults:3 | Received a gift from Trog
 40406 | Vaults:3 | You fall through a shaft!
 40487 | Vaults:4 | Found a flickering gateway to a bazaar.
 40499 | Bazaar   | Entered a bazaar
 40504 | Bazaar   | Found Neuckij's General Store.
 40509 | Bazaar   | Bought a scroll of teleportation for 33 gold pieces
 40509 | Bazaar   | Found Yfoig's Antique Weapon Emporium.
 40511 | Bazaar   | Found Oneytef's Food Boutique.
 40523 | Bazaar   | Found Qewaetwu's Assorted Antiques.
 40530 | Bazaar   | Found Wouch's Weapon Boutique.
 40531 | Bazaar   | Bought a scroll of enchant weapon for 180 gold pieces
 40531 | Bazaar   | Bought a scroll of teleportation for 72 gold pieces
 41000 | Vaults:4 | Received a gift from Trog
 41142 | Vaults:4 | Noticed Mara
 41151 | Vaults:4 | Noticed Firecrotchwizard's illusion
 41166 | Vaults:4 | HP: 45/188 [Firecrotchwizard's illusion[Mara] (7)]
 41168 | Vaults:4 | HP: 18/188 [Firecrotchwizard's illusion[Mara] (16)]
 41172 | Vaults:4 | HP: 4/188 [Firecrotchwizard's illusion[Mara] (12)]
 41172 | Vaults:4 | HP: 1/188 [Firecrotchwizard's illusion[Mara] (3)]
 41174 | Vaults:4 | Mangled by Firecrotchwizard's illusion

Levels and vault maps discovered:
D:1:      erik_arrival_orb_chamber, layout_basic
D:2:      layout_basic, old_standard_altar, first_ration, elyvilon_altar_3,
          uniq_natasha
D:3:      layout_basic, nicolae_overflow_hidden_temple,
          gammafunk_ghost_necromancy
D:4:      layout_rooms, overflow_temple_1_default, lemuel_round_altar,
          kennysheep_generic_room_3
D:5:      layout_rooms, yredelemnul_forgotten_temple_becter, uniq_pikel,
          uniq_blork_the_orc, uniq_prince_ribbit1
D:6:      layout_loops_ring, minmay_temple_entry_mist, uniq_sigmund,
          uniq_menkaure, uniq_grinder
D:7:      layout_cave_pools, kennysheep_little_box, serial_park,
          serial_park_tiny_pond, serial_park_tiny_1, serial_park_square3
          [serial_park_minivault_5x5_4], serial_park_gazebo
          [serial_park_minivault_5x5_2]
D:8:      layout_loops_ring, lemuel_crystal_altar, kennysheep_mini_moat,
          uniq_grum
D:9:      minmay_the_grid_triangle_9x9_rhombus_full
          [minmay_the_grid_triangle_9x9_subtriangle,
          minmay_the_grid_triangle_9x9_tough_junction,
          minmay_the_grid_triangle_9x9_shrine,
          minmay_the_grid_triangle_9x9_corrupted_corridor,
          minmay_the_grid_triangle_9x9_negative_grid,
          minmay_the_grid_triangle_9x9_checkered,
          minmay_the_grid_triangle_9x9_flanged_cone,
          minmay_the_grid_triangle_9x9_prize_center], layout_long_grid,
          basic_altar
D:10:     cheibrodos_shockbox, layout_loops_ring, david_orc_1_choice,
          grunt_ministairs_1, uniq_maurice, uniq_snorg
D:11:     layout_gridville, david_lair_shrubbed, gammafunk_ghost_stat_death
D:12:     layout_layer_cave, grunt_livestock
D:13:     gargoyle_guard, layout_loops_corners, uniq_frances, uniq_sonja
D:14:     minmay_inner_zag, layout_basic, david_vaults_5, serial_shops, shop,
          nicolae_sextant
Lair:1:   layout_cave_pods, minmay_stone_trees_medium, lemuel_old_faithful,
          serial_bayou_shore_a, uniq_joseph
Lair:2:   layout_long_grid, bobbens_dragon_lair_wall, uniq_urug
Lair:3:   layout_cave_pods, swamp_mist_pool, spider_nest_entry_a
Lair:4:   layout_roguey, basic_altar, beast_lair_carwin_5, uniq_rupert,
          uniq_nessos
Lair:5:   layout_roguey, dpeg_slime_entry_enclosed_altar,
          gammafunk_ghost_wrathful_warriors, basic_altar
Lair:6:   wormcave, layout_cave_pods, hangedman_lair_caniforms_friends,
          infiniplex_staircase_pool_2
Swamp:1:  layout_falls_marsh, hangedman_swamp_blocks, swamp_pool2, uniq_donald
Swamp:2:  nicolae_swamp_phyte_club, layout_basic_swamp,
          evilmike_swamp_ruin_house_6, swamp_pool2,
          nicolae_swamp_very_dense_foliage, uniq_kirke
Swamp:3:  layout_falls_marsh, evilmike_swamp_ruin_rubble_1, swamp_pool5
Swamp:4:  swamp_fiery, layout_basic_swamp
Spider:1: layout_spider_delve, uniq_nikola, uniq_agnes
Spider:2: layout_spider_delve, uniq_louise
Spider:3: layout_spider_delve
Spider:4: grunt_spider_rune_parallel, nicolae_spider_stair_cavern, uniq_arachne
Orc:1:    cheibrodos_orc_guarddog, layout_caves, ebering_ghost_rock_garden,
          serial_shops, nicolae_shop_behind_doors, mines3_lemuel
Orc:2:    grunt_orc_tribal_feast, layout_caves
Vaults:1: hangedman_vaults_locks, nicolae_vaults_murderbox, v_alt_pattern_1,
          ontoclasm_vaults_misaligned, ontoclasm_vaults_claustrophobia,
          v_misc_11, vaults_room_door_ring, vaults_room_semicircle, v_misc_19,
          vaults_room_door_hall, nicolae_vaults_diagonal_hallway_7,
          layout_vaults_omnibox, serial_shops, shop, uniq_asterion
Vaults:2: hangedman_vaults_nodes, minmay_crypt_entry_simple_round, v_pattern_5,
          v_misc_18, hangedman_vaults_pinch, ontoclasm_vaults_tryst,
          grunt_vaults_twisty, nicolae_vaults_network_star,
          hangedman_vaults_stretched_pinwheel, ontoclasm_vaults_misaligned,
          nicolae_vaults_little_squares_6, vaults_dpeg_diagonal,
          nicolae_vaults_angled_halls, layout_vaults_omnicross, enter_trove_2
Vaults:3: hangedman_vaults_slice, kb_rosetta,
          nicolae_vaults_windows_and_doors_thing, nicolae_vaults_rhombus_7,
          nicolae_vaults_network_quinsquares
          [nicolae_vaults_network_quincunx_subvault,
          nicolae_vaults_network_quincunx_subvault,
          nicolae_vaults_network_quincunx_subvault,
          nicolae_vaults_network_quincunx_subvault], ontoclasm_vaults_hangar,
          v_alt_pattern_2, layout_vaults_chaotic_city
Vaults:4: ontoclasm_vaults_chip, ontoclasm_vaults_twist,
          nicolae_vaults_ring_of_whatevers, nicolae_vaults_little_squares_1,
          hangedman_vaults_corner, nicolae_vaults_alarming, v_alt_pattern_6,
          nicolae_vaults_theta, nicolae_vaults_little_squares_1, v_misc_27,
          nicolae_vaults_big_ls, layout_vaults_ring,
          portal_desolation_entry_twin_temple, serial_shops, bzr_firewalk,
          uniq_mara

Skill      XL: |  1  2  3  4  5  6  7  8  9 10 11 12 13 14 15 16 17 18 19 |
---------------+----------------------------------------------------------+-----
Long Blades    | 4 5 6 8 9 11 13 16 18 19 20 21 22 23 | 23.6
Fighting       | 4 5 6 7 8 10 12 13 15 16 17 18 19 20 | 20.9
Armour         | 3 4 5 6 8 10 12 13 15 16 17 18 | 18.6
Dodging        | 3 4 6 7 9 11 12 14 15 16 17 | 17.3

Action                   |  1- 3 |  4- 6 |  7- 9 | 10-12 | 13-15 | 16-18 | 19-21 || total
-------------------------+-------+-------+-------+-------+-------+-------+-------++-------
Melee: Falchion          |    63 |   101 |    44 |       |       |       |       ||   208
       Headbutt          |    11 |    24 |    70 |   157 |   266 |   315 |   101 ||   944
       Long sword        |       |       |   239 |    55 |       |       |       ||   294
       Great sword       |       |       |       |   573 |       |       |       ||   573
       Demon blade       |       |       |       |       |   154 |    61 |       ||   215
       Triple sword      |       |       |       |       |   681 |   932 |   282 ||  1895
Throw: Javelin           |       |       |       |       |       |    40 |       ||    40
Invok: Berserk           |       |     1 |     1 |     1 |     1 |       |       ||     4
       Trog's Hand       |       |     1 |     3 |     2 |     3 |       |     1 ||    10
       Brothers in Arms  |       |       |       |     1 |     3 |     4 |     2 ||    10
Evoke: Wand              |       |       |       |    12 |     1 |     1 |       ||    14
  Use: Scroll            |       |       |     5 |     3 |    26 |    17 |     2 ||    53
       Potion            |       |       |       |     7 |       |     6 |     2 ||    15
 Stab: Confused          |       |       |       |       |     3 |       |       ||     3
       Distracted        |       |       |       |       |     2 |       |       ||     2
  Eat: Chunk             |     1 |     4 |    13 |    23 |    37 |    24 |     6 ||   108
       Ration            |       |     1 |     2 |     3 |     1 |     4 |     1 ||    12
Armor: Animal skin       |     4 |       |       |       |       |       |       ||     4
       Ring mail         |     9 |    30 |    55 |       |       |       |       ||    94
       Chain mail        |       |       |    29 |   122 |       |       |       ||   151
       Scale mail        |       |       |     4 |       |       |       |       ||     4
       Plate armour      |       |       |       |   177 |   431 |   735 |   159 ||  1502
Dodge: Dodged            |    28 |    69 |   218 |   432 |   655 |  1253 |   353 ||  3008
       Rpst.: Falchion   |    11 |    13 |    10 |       |       |       |       ||    34
       Long sword        |       |       |    53 |    10 |       |       |       ||    63
       Great sword       |       |       |       |    98 |       |       |       ||    98
       Triple sword      |       |       |       |       |   136 |   223 |    88 ||   447
       Demon blade       |       |       |       |       |    19 |    17 |       ||    36

Table legend:
 A = Non-vault XP
 B = Vault XP
 C = Vault XP percentage of total XP
 D = Non-vault monster count
 E = Vault monster count
 F = Vault count percentage of total count
                 A         B        C        D         E       F
            +---------+---------+-------+---------+---------+-------
      Total |  275063 |  188822 |  40.7 |     923 |     430 |  31.8
            +---------+---------+-------+---------+---------+-------
        D:1 |      30 |      12 |  28.6 |      19 |      12 |  38.7
        D:2 |     102 |      35 |  25.5 |      10 |       1 |   9.1
        D:3 |     107 |     281 |  72.4 |      22 |       5 |  18.5
        D:4 |     512 |       3 |   0.6 |      21 |       1 |   4.5
        D:5 |     351 |    1016 |  74.3 |      21 |       4 |  16.0
        D:6 |    1047 |     661 |  38.7 |      23 |       3 |  11.5
        D:7 |     705 |     568 |  44.6 |      19 |       6 |  24.0
        D:8 |    1081 |     309 |  22.2 |      16 |       2 |  11.1
        D:9 |    1790 |    2836 |  61.3 |      23 |      15 |  39.5
       D:10 |    1893 |    2267 |  54.5 |      28 |      15 |  34.9
       D:11 |    3516 |     350 |   9.1 |      27 |       1 |   3.6
       D:12 |    6420 |     997 |  13.4 |      18 |       5 |  21.7
       D:13 |    3472 |    7360 |  67.9 |      17 |      11 |  39.3
       D:14 |    7259 |    3032 |  29.5 |      23 |      11 |  32.4
     Lair:1 |    3265 |     450 |  12.1 |      16 |       1 |   5.9
     Lair:2 |    4640 |    5976 |  56.3 |      18 |      21 |  53.8
     Lair:3 |   11463 |     829 |   6.7 |      30 |       3 |   9.1
     Lair:4 |    4169 |    5661 |  57.6 |      16 |       8 |  33.3
     Lair:5 |    3919 |       0 |   0.0 |      15 |       0 |   0.0
     Lair:6 |    7236 |   16212 |  69.1 |      25 |      73 |  74.5
    Swamp:1 |    9333 |    1351 |  12.6 |      22 |       1 |   4.3
    Swamp:2 |   11925 |   12096 |  50.4 |      33 |      10 |  23.3
    Swamp:3 |   17918 |       0 |   0.0 |      37 |       0 |   0.0
    Swamp:4 |    5519 |   12734 |  69.8 |      18 |      22 |  55.0
   Spider:1 |   11883 |    4643 |  28.1 |      43 |       2 |   4.4
   Spider:2 |   20776 |    1629 |   7.3 |      65 |       1 |   1.5
   Spider:3 |   19604 |       0 |   0.0 |      54 |       0 |   0.0
   Spider:4 |   10235 |   27444 |  72.8 |      30 |      52 |  63.4
      Orc:1 |    1718 |    1296 |  43.0 |      11 |       8 |  42.1
      Orc:2 |    1925 |    6992 |  78.4 |      22 |      25 |  53.2
   Vaults:1 |   36781 |   15113 |  29.1 |      64 |      19 |  22.9
   Vaults:2 |   31105 |   24785 |  44.3 |      53 |      43 |  44.8
   Vaults:3 |   27504 |   14154 |  34.0 |      49 |      20 |  29.0
   Vaults:4 |    5860 |   17730 |  75.2 |      15 |      29 |  65.9
            +---------+---------+-------+---------+---------+-------

Levels and vault maps discovered:
D:1:      erik_arrival_orb_chamber, layout_basic
D:2:      layout_basic, old_standard_altar, first_ration, elyvilon_altar_3,
          uniq_natasha
D:3:      layout_basic, nicolae_overflow_hidden_temple,
          gammafunk_ghost_necromancy
D:4:      layout_rooms, overflow_temple_1_default, lemuel_round_altar,
          kennysheep_generic_room_3
D:5:      layout_rooms, yredelemnul_forgotten_temple_becter, uniq_pikel,
          uniq_blork_the_orc, uniq_prince_ribbit1
D:6:      layout_loops_ring, minmay_temple_entry_mist, uniq_sigmund,
          uniq_menkaure, uniq_grinder
D:7:      layout_cave_pools, kennysheep_little_box, serial_park,
          serial_park_tiny_pond, serial_park_tiny_1, serial_park_square3
          [serial_park_minivault_5x5_4], serial_park_gazebo
          [serial_park_minivault_5x5_2]
D:8:      layout_loops_ring, lemuel_crystal_altar, kennysheep_mini_moat,
          uniq_grum
D:9:      minmay_the_grid_triangle_9x9_rhombus_full
          [minmay_the_grid_triangle_9x9_subtriangle,
          minmay_the_grid_triangle_9x9_tough_junction,
          minmay_the_grid_triangle_9x9_shrine,
          minmay_the_grid_triangle_9x9_corrupted_corridor,
          minmay_the_grid_triangle_9x9_negative_grid,
          minmay_the_grid_triangle_9x9_checkered,
          minmay_the_grid_triangle_9x9_flanged_cone,
          minmay_the_grid_triangle_9x9_prize_center], layout_long_grid,
          basic_altar
D:10:     cheibrodos_shockbox, layout_loops_ring, david_orc_1_choice,
          grunt_ministairs_1, uniq_maurice, uniq_snorg
D:11:     layout_gridville, david_lair_shrubbed, gammafunk_ghost_stat_death
D:12:     layout_layer_cave, grunt_livestock
D:13:     gargoyle_guard, layout_loops_corners, uniq_frances, uniq_sonja
D:14:     minmay_inner_zag, layout_basic, david_vaults_5, serial_shops, shop,
          nicolae_sextant
Lair:1:   layout_cave_pods, minmay_stone_trees_medium, lemuel_old_faithful,
          serial_bayou_shore_a, uniq_joseph
Lair:2:   layout_long_grid, bobbens_dragon_lair_wall, uniq_urug
Lair:3:   layout_cave_pods, swamp_mist_pool, spider_nest_entry_a
Lair:4:   layout_roguey, basic_altar, beast_lair_carwin_5, uniq_rupert,
          uniq_nessos
Lair:5:   layout_roguey, dpeg_slime_entry_enclosed_altar,
          gammafunk_ghost_wrathful_warriors, basic_altar
Lair:6:   wormcave, layout_cave_pods, hangedman_lair_caniforms_friends,
          infiniplex_staircase_pool_2
Swamp:1:  layout_falls_marsh, hangedman_swamp_blocks, swamp_pool2, uniq_donald
Swamp:2:  nicolae_swamp_phyte_club, layout_basic_swamp,
          evilmike_swamp_ruin_house_6, swamp_pool2,
          nicolae_swamp_very_dense_foliage, uniq_kirke
Swamp:3:  layout_falls_marsh, evilmike_swamp_ruin_rubble_1, swamp_pool5
Swamp:4:  swamp_fiery, layout_basic_swamp
Spider:1: layout_spider_delve, uniq_nikola, uniq_agnes
Spider:2: layout_spider_delve, uniq_louise
Spider:3: layout_spider_delve
Spider:4: grunt_spider_rune_parallel, nicolae_spider_stair_cavern, uniq_arachne
Orc:1:    cheibrodos_orc_guarddog, layout_caves, ebering_ghost_rock_garden,
          serial_shops, nicolae_shop_behind_doors, mines3_lemuel
Orc:2:    grunt_orc_tribal_feast, layout_caves
Vaults:1: hangedman_vaults_locks, nicolae_vaults_murderbox, v_alt_pattern_1,
          ontoclasm_vaults_misaligned, ontoclasm_vaults_claustrophobia,
          v_misc_11, vaults_room_door_ring, vaults_room_semicircle, v_misc_19,
          vaults_room_door_hall, nicolae_vaults_diagonal_hallway_7,
          layout_vaults_omnibox, serial_shops, shop, uniq_asterion
Vaults:2: hangedman_vaults_nodes, minmay_crypt_entry_simple_round, v_pattern_5,
          v_misc_18, hangedman_vaults_pinch, ontoclasm_vaults_tryst,
          grunt_vaults_twisty, nicolae_vaults_network_star,
          hangedman_vaults_stretched_pinwheel, ontoclasm_vaults_misaligned,
          nicolae_vaults_little_squares_6, vaults_dpeg_diagonal,
          nicolae_vaults_angled_halls, layout_vaults_omnicross, enter_trove_2
Vaults:3: hangedman_vaults_slice, kb_rosetta,
          nicolae_vaults_windows_and_doors_thing, nicolae_vaults_rhombus_7,
          nicolae_vaults_network_quinsquares
          [nicolae_vaults_network_quincunx_subvault,
          nicolae_vaults_network_quincunx_subvault,
          nicolae_vaults_network_quincunx_subvault,
          nicolae_vaults_network_quincunx_subvault], ontoclasm_vaults_hangar,
          v_alt_pattern_2, layout_vaults_chaotic_city
Vaults:4: ontoclasm_vaults_chip, ontoclasm_vaults_twist,
          nicolae_vaults_ring_of_whatevers, nicolae_vaults_little_squares_1,
          hangedman_vaults_corner, nicolae_vaults_alarming, v_alt_pattern_6,
          nicolae_vaults_theta, nicolae_vaults_little_squares_1, v_misc_27,
          nicolae_vaults_big_ls, layout_vaults_ring,
          portal_desolation_entry_twin_temple, serial_shops, bzr_firewalk,
          uniq_mara

Table legend:
 A = Turns spent in this place as a percentage of turns spent in the entire game.
 B = Non-inter-level travel turns spent in this place as a percentage of non-inter-level travel turns spent in the entire game.
 C = Inter-level travel turns spent in this place as a percentage of turns spent in this place.
 D = Turns resting spent in this place as a percentage of non-inter-level travel turns spent in this place.
 E = Turns spent auto-exploring this place as a percentage of non-inter-level travel turns spent in this place.
 F = Non-inter-level travel turns spent in this place divided by the number of levels of this place that you've seen.
                   A       B       C       D       E      F
               +-------+-------+-------+-------+-------+----------------------
         Total | 100.0 | 100.0 |   5.6 |  31.8 |  49.1 | 1079.5
       Dungeon |  39.0 |  38.3 |   7.3 |  28.3 |  56.1 | 1062.9
          Lair |  21.5 |  21.6 |   5.5 |  39.2 |  44.5 | 1396.8
         Swamp |  10.9 |  11.1 |   3.4 |  28.2 |  52.9 | 1079.0
   Spider Nest |  11.9 |  12.2 |   2.9 |  42.3 |  32.7 | 1187.5
  Orcish Mines |   3.1 |   2.9 |   9.4 |  10.7 |  65.4 | 571.5
        Vaults |  13.4 |  13.5 |   4.5 |  29.1 |  44.9 | 1314.8
        Bazaar |   0.1 |   0.1 |   0.0 |   0.0 |  91.1 |  45.0
         Trove |   0.2 |   0.2 |   0.0 |   0.0 |   8.1 |  86.0
               +-------+-------+-------+-------+-------+----------------------

Table legend:
 A = Kills in this place as a percentage of kills in entire the game.
 B = Kills by you in this place as a percentage of kills by you in the entire game.
 C = Kills by friends in this place as a percentage of kills by friends in the entire game.
 D = Other kills in this place as a percentage of other kills in the entire game.
 E = Experience gained in this place as a percentage of experience gained in the entire game.
 F = Experience gained in this place divided by the number of levels of this place that you have seen.
                   A       B       C       D       E      F
               +-------+-------+-------+-------+-------+----------------------
         Total | 100.0 | 100.0 | 100.0 | 100.0 | 100.0 | 12885.7
       Dungeon |  28.0 |  28.3 |  14.3 |   0.0 |  10.3 | 3429.4
          Lair |  16.7 |  17.0 |   4.8 |   0.0 |  13.8 | 10636.7
         Swamp |  10.6 |  10.2 |  19.0 |  60.0 |  15.3 | 17719.0
   Spider Nest |  18.3 |  18.2 |  19.0 |  20.0 |  20.7 | 24053.5
  Orcish Mines |   4.9 |   5.0 |   0.0 |   0.0 |   2.6 | 5965.5
        Vaults |  21.6 |  21.3 |  42.9 |  20.0 |  37.3 | 43258.0
               +-------+-------+-------+-------+-------+----------------------
